 Dungeon Crawl Stone Soup version 0.19.1-1-g22dce08 (webtiles) character file.

378 Peloso the Slasher (level 6, -8/50 (52) HPs)
             Began as a Ghoul Fighter on Jan 3, 2017.
             Was a Follower of Okawaru.
             Killed by divine providence
             ... invoked by an orc priest
              (15 damage)
             ... on level 4 of the Dungeon.
             The game lasted 00:10:09 (3260 turns).

Peloso the Slasher (Ghoul Fighter)                  Turns: 3260, Time: 00:10:10

HP:   -8/50 (52)    AC: 10    Str: 20    XL:     6   Next: 74%
MP:   5/5           EV:  7    Int:  3    God:    Okawaru [*.....]
Gold: 134           SH:  9    Dex: 10    Spells: 0 memorised, 5 levels left

rFire  . . .     SeeInvis .     a - +0 long sword
rCold  + . .     Gourm    .     m - +0 chain mail
rNeg   + + +     Faith    .     c - +0 shield
rPois  ∞         Spirit   .     (no helmet)
rElec  .         Reflect  .     (no cloak)
rCorr  .         Harm     .     (no gloves)
MR     .....                    r - +0 pair of boots
Stlth  ..........               (no amulet)
                                (no ring)
                                g - +2 ring of evasion

@: rotting
A: rotting body, claws 1, carnivore 3, cold resistance 1, negative energy
resistance 3, slow regeneration 1, torment resistance, unbreathing
a: Heroism, Renounce Religion


You were on level 4 of the Dungeon.
You worshipped Okawaru.
Okawaru was aware of your devotion.
You were not hungry.

You visited 1 branch of the dungeon, and saw 4 of its levels.

You collected 134 gold pieces.

Inventory:

Hand Weapons
 a - a +0 long sword (weapon)
 q - a cursed -3 short sword
Armour
 b - a +0 scale mail
 c - a +0 shield (worn)
 m - a +0 chain mail (worn)
 p - a +0 plate armour
 r - a +0 pair of boots (worn)
Jewellery
 g - a +2 ring of evasion (left claw)
 s - a +5 amulet of reflection {unknown}
Wands
 j - a wand of lightning (0/15)
Scrolls
 e - 4 scrolls of identify
 h - 2 scrolls of remove curse {unknown}
 i - a scroll of enchant armour {unknown}
 n - a scroll of recharging {unknown}
 o - a scroll of magic mapping {unknown}
 t - 2 scrolls of noise {unknown}
 u - a scroll of fog {unknown}
Potions
 d - a potion of haste
 k - a potion of agility
 v - a potion of lignification {unknown}
Books
 l - a book of Misfortune

   Spells                             Type                      Level
   a - Confusing Touch                Hexes                        1
   b - Confuse                        Hexes                        3
   c - Gell's Gravitas                Hexes/Translocation          3
   d - Petrify                        Transmutation/Earth          4
   e - Metabolic Englaciation         Hexes/Ice                    5
   f - Yara's Violent Unravelling     Hexes/Transmutation          5
Comestibles
 f - a meat ration


   Skills:
 + Level 4.1 Fighting
 + Level 4.2 Long Blades
 + Level 3.9 Armour
 + Level 0.8 Dodging
 + Level 3.7 Shields
 + Level 0.1 Evocations


You had 5 spell levels left.
You didn't know any spells.

Dungeon Overview and Level Annotations

Branches:
Dungeon (4/15)
 Temple: D:4-7

Altars:
Elyvilon
Okawaru
Qazlal
Zin

Shops:
D:3 *


Innate Abilities, Weirdness & Mutations

Your body is rotting away.
You thrive on raw meat.
You are immune to poison.
You have sharp fingernails.
You are carnivorous and can eat meat at any time.
Your flesh is cold resistant. (rC+)
You are immune to negative energy. (rN+++)
You regenerate slowly when monsters are visible.
You are immune to unholy pain and torment.
You can survive without breathing.


Message History

Unknown command.
You closely miss the orc priest.
The orc priest is lightly wounded.
You block the orc priest's attack. The orc priest hits you with a trident.
* * * LOW HITPOINT WARNING * * *
Unknown command.
You hit the orc priest.
The orc priest is moderately wounded.
The orc priest mumbles some strange prayers to Beogh against you.
You barely resist. The orc priest barely misses you.
You riposte.
You hit the orc priest.
The orc priest is moderately wounded.
The orc priest hits you but does no damage.
You closely miss the orc priest.
The orc priest is moderately wounded.
The orc priest hits you but does no damage.
The orc priest looks satisfied for a moment.
The orc priest invokes the aid of Beogh against you.
Beogh smites you!
You die...

... ... .)# #)## #=.
#.# #.# ######### #o#
#......>#######@######
#.#####.......)o......#
#.# #..######.#####.#
#.# ###..# ...# #.#
#....# .>..# #.# #.#.##
#...## #.###.#.# ##.##
#.# #.......# #.#
####.#### #####.### .#
#.......#


You could see 2 orc priests.

Vanquished Creatures
  A howler monkey (D:3)
  4 orc priests
  2 orc wizards (D:3)
  7 adders
  An adder skeleton (D:4)
  2 worms (D:3)
  2 dart slugs (D:1)
  3 leopard geckos
  19 orcs
  A ball python (D:2)
  10 bats
  A giant cockroach (D:2)
  4 goblins
  4 hobgoblins
  12 kobolds
  A quokka (D:4)
  5 frilled lizards
  6 rats
85 creatures vanquished.

Notes
Turn   | Place    | Note
-------+----------+-------------------------------------------
     0 | D:1      | Peloso the Ghoul Fighter began the quest for the Orb.
     0 | D:1      | Reached XP level 1. HP: 19/19 MP: 0/0
   108 | D:1      | Reached XP level 2. HP: 26/26 MP: 1/1
   477 | D:1      | Reached XP level 3. HP: 13/31 MP: 2/2
   829 | D:2      | Found a stormy altar of Qazlal.
   881 | D:2      | Found an iron altar of Okawaru.
   890 | D:2      | Became a worshipper of Warmaster Okawaru
  1024 | D:2      | Found a white marble altar of Elyvilon.
  1060 | D:2      | Reached XP level 4. HP: 38/38 MP: 3/3
  1596 | D:3      | Reached XP level 5. HP: 33/46 MP: 4/4
  1613 | D:3      | Found Zin's Purification Station.
  1624 | D:3      | Found a glowing silver altar of Zin.
  2213 | D:3      | Reached XP level 6. HP: 28/52 MP: 5/5
  2688 | D:3      | Reached * piety under Okawaru
  3260 | D:4      | Killed from afar by an orc priest

Skill      XL: |  1  2  3  4  5  6 |
---------------+-------------------+-----
Armour         | 3 |  3.9
Long Blades    | 2 3 4 |  4.2
Shields        | 3 |  3.7
Fighting       | 4 |  4.1
Dodging        | |  0.8
Evocations     | |  0.1

Action                   |  1- 3 |  4- 6 || total
-------------------------+-------+-------++-------
Melee: Long sword        |   143 |   228 ||   371
Evoke: Wand              |       |     6 ||     6
  Use: Potion            |     1 |     2 ||     3
       Scroll            |       |     4 ||     4
  Eat: Chunk             |     9 |    10 ||    19
Armor: Scale mail        |    77 |    18 ||    95
       Chain mail        |       |   102 ||   102
Dodge: Dodged            |    51 |    76 ||   127
Block: Shield            |    84 |   120 ||   204
       Rpst.: Long sword |    15 |    18 ||    33
